 Dungeon Crawl Stone Soup version 0.31-a0-1-g4198be8af4 (webtiles) character file.

Game seed: 3857528152875986639

152172 funkygono the Executioner (level 17, -3/163 HPs)
             Began as a Minotaur Fighter on May 1, 2023.
             Was a High Priest of Okawaru.
             Slain by Arachne
             ... wielding a staff of poison
              (20 damage)
             ... on level 3 of the Spider Nest.
             The game lasted 00:58:47 (25679 turns).

funkygono the Executioner (Minotaur Fighter)       Turns: 25679, Time: 00:58:48

Health: -3/163     AC: 43    Str: 33    XL:     17   Next: 2%
Magic:  10/19      EV:  8    Int:  5    God:    Okawaru [*****.]
Gold:   3108       SH:  0    Dex: 14    Spells: 16/16 levels left

rFire   . . .        t - +2 broad axe (venom)
rCold   + . .        T - +0 kite shield
rNeg    . . .        z - +6 crystal plate armour of the Divine God {*Slow Str+5 Dex+3}
rPois   .            (helmet restricted)
rElec   .            D - +1 cloak of Starlight {*Dazzle EV+4 Stlth--}
rCorr   .            A - +2 pair of gloves {infuse}
SInv    .            Q - +2 pair of boots {rampage}
Will    +....        e - amulet of regeneration Stlth
                     v - +4 ring of protection
HPRegen 1.27/turn    J - ring of protection from cold
MPRegen 0.16/turn

%: slow self (1%), rampage, infuse magic (1 MP)
@: held
A: horns 2, retaliatory headbutt
a: Renounce Religion, Heroism, Finesse, Duel


You were on level 3 of the Spider Nest.
You worshipped Okawaru.
Okawaru was extremely pleased with you.
You visited 5 branches of the dungeon, and saw 27 of its levels.
You also visited: Gauntlet and Ice Cave.

You collected 3305 gold pieces.
You spent 197 gold pieces at shops.

Inventory:

Hand Weapons
 t - a +2 broad axe of venom (weapon)
Missiles
 h - 9 boomerangs (quivered)
 k - 4 throwing nets
 s - 16 javelins
 y - a boomerang of dispersal
 B - 7 silver javelins
 E - a silver boomerang
Armour
 j - a +0 plate armour
 n - the +1 cloak of Restlessness {Dex+6 SInv}
   (You acquired it on level 2 of the Lair of Beasts)

   Dex:       It affects your dexterity (+6).
   SInv:      It lets you see invisible.
 z - the +6 crystal plate armour of the Divine God (worn) {*Slow Str+5 Dex+3}
   (Okawaru gifted it to you in an ice cave)

   Str:       It affects your strength (+5).
   Dex:       It affects your dexterity (+3).
   *Slow:     It may slow you when you take damage.
 A - a +2 pair of gloves of infusion (worn)
 D - the +1 cloak of Starlight (worn) {*Dazzle EV+4 Stlth--}
   (You acquired it on level 12 of the Dungeon)

   *Dazzle:   It may blind those who miss an attack against the wearer in melee
   combat.
   EV:        It affects your evasion (+4).
   Stlth:     It makes you much less stealthy.
 Q - a +2 pair of boots of rampaging (worn)
 T - a +0 kite shield (worn)
 V - the +0 pair of gloves of Untruth {Dex+4}
   (You acquired it on level 13 of the Dungeon)

   Dex:       It affects your dexterity (+4).
Jewellery
 c - a ring of resist corrosion
 d - a +6 ring of strength
 e - an amulet of regeneration (around neck)
 v - a +4 ring of protection (left hand)
 I - a ring of poison resistance
 J - a ring of protection from cold (right hand)
 L - a ring of see invisible
 S - a ring of flight
Wands
 a - a wand of polymorph (5)
 g - a wand of digging (3)
 p - a wand of flame (22)
 w - a wand of iceblast (34)
 H - a wand of mindburst (6)
 K - a wand of quicksilver (9)
Scrolls
 f - 11 scrolls of identify
 m - 12 scrolls of teleportation
 q - 6 scrolls of fear
 x - 2 scrolls of blinking
 N - 5 scrolls of magic mapping
 O - 2 scrolls of fog
Potions
 b - 5 potions of berserk rage
 i - 11 potions of curing
 l - 3 potions of resistance
 o - 4 potions of invisibility
 r - 8 potions of haste
 u - 4 potions of flight
 C - 3 potions of mutation
 F - 4 potions of might
 G - 2 potions of heal wounds


   Skills:
 + Level 18.0 Fighting
 + Level 21.8 Axes
 + Level 8.9 Throwing
 + Level 15.5 Armour
 + Level 5.3 Dodging
 + Level 3.6 Stealth
 + Level 13.7 Shields
 + Level 1.9 Unarmed Combat
 + Level 4.3 Invocations
 + Level 0.4 Evocations


You had 16 spell levels left.
You didn't know any spells.
Your spell library contained the following spells:

 Spells                   Type           Power      Damage    Failure   Level
 Apportation              Tloc           0%         N/A       100%        1
 Necrotise                Necr           0%         1d4       100%        1
 Lesser Beckoning         Tloc           0%         N/A       100%        2
 Static Discharge         Conj/Air       0%         2-2/arc   100%        2
 Sublimation of Blood     Necr           0%         N/A       100%        2
 Dazzling Flash           Conj/Hex       0%         N/A       100%        3
 Gell's Gravitas          Tloc           0%         N/A       100%        3
 Inner Flame              Hex/Fire       0%         N/A       100%        3
 Ozocubu's Armour         Ice            0%         N/A       100%        3
 Teleport Other           Tloc           0%         N/A       100%        3
 Vampiric Draining        Necr           0%         2d6       100%        3
 Vhi's Electric Charge    Tloc/Air       0%         N/A       100%        3
 Airstrike                Air            0%         2d(0-16)  100%        4
 Anguish                  Hex/Necr       0%         N/A       100%        4
 Flame Wave               Conj/Fire      0%         2d4       100%        4
 Petrify                  Tmut/Erth      0%         N/A       100%        4
 Sticky Flame             Conj/Fire      0%         2d3       100%        4
 Agony                    Necr           0%         N/A       100%        5
 Alistair's Intoxication  Tmut/Pois      0%         N/A       100%        5
 Arcjolt                  Conj/Air       0%         1d10      100%        5
 Blade Hands              Tmut           0%         N/A       100%        5
 Irradiate                Conj/Tmut      0%         3d11      100%        5
 Iskenderun's Battlesphe  Conj           0%         2d6       100%        5
 Metabolic Englaciation   Hex/Ice        0%         N/A       100%        5
 Silence                  Hex/Air        0%         N/A       100%        5
 Iron Shot                Conj/Erth      0%         9d1       100%        6
 Plasma Beam              Fire/Air       0%         2x1d11    100%        6
 Storm Form               Tmut/Air       0%         N/A       100%        7
 Maxwell's Capacitive Co  Air            0%         ∞         100%        8
 Necromutation            Tmut/Necr      0%         N/A       100%        8
 Summon Small Mammal      Summ           Unusable   N/A       N/A         1
 Animate Armour           Summ/Erth      Unusable   N/A       N/A         4
 Summon Ice Beast         Ice/Summ       Unusable   N/A       N/A         4
 Summon Lightning Spire   Summ/Air       Unusable   N/A       N/A         4
 Simulacrum               Ice/Necr       Unusable   N/A       N/A         6
 Spellforged Servitor     Conj/Summ      Unusable   N/A       N/A         7

Dungeon Overview and Level Annotations

Branches:
Dungeon (15/15)            Temple (1/1) D:7            Lair (5/5) D:10
  Swamp (0/4) Lair:3       Spider (4/4) Lair:3        Slime (0/5) Lair:4
    Orc (2/2) D:10            Elf (0/3) Orc:2        Vaults (0/5) D:13
 Depths (0/4) D:15          IceCv (visited)         Gauntlet (visited)

Altars:
Ashenzari
Cheibriados
Dithmenos
Elyvilon
Fedhas
Gozag
Hepliaklqana
Kikubaaqudgha
Makhleb
Nemelex Xobeh
Okawaru
Qazlal
Ru
Sif Muna
Trog
Uskayaw
Vehumet
Wu Jian
Xom
Yredelemnul
Zin
The Shining One
Jiyva

Shops:
D:5 !   D:9 [   D:10 *   Orc:1 ((   Orc:2 :?**

Annotations:
D:4 3 runed translucent doors, Takeo's ghost, amateur MiFi
Spider:3 Arachne


Innate Abilities, Weirdness & Mutations

You have a pair of horns on your head.
You reflexively headbutt those who attack you in melee.


Message History

You are more poisoned.
Unknown command.
You slash Arachne! You headbutt Arachne!
Arachne is heavily wounded.
You feel very sick. You block Arachne's attack.
Unknown command.
You slice Arachne!!
Arachne looks as sick as possible!
You headbutt Arachne.
Arachne is heavily wounded.
You feel very sick. You block Arachne's attack.
Unknown command.
You closely miss Arachne.
Arachne is severely wounded.
You feel very sick. Arachne casts a spell at you. The poison arrow hits you!!
You are more poisoned.
Unknown command.
You slice Arachne!! You headbutt Arachne, but do no damage.
Arachne is severely wounded.
You feel extremely sick.
Arachne hits you with a staff of poison.
* * * LOW HITPOINT WARNING * * *
Arachne envenoms you!!
* * * LOW HITPOINT WARNING * * *
You are more poisoned.
You barely miss Arachne.
Arachne is severely wounded.
* * * LOW HITPOINT WARNING * * *
You feel extremely sick.
Arachne's staff shoots out a stream of webbing.
The stream of webbing hits you but does no damage.
You are caught in a web!
Arachne casts a spell at you. The bolt of poison hits you.
You are more poisoned.
* * * LOW HITPOINT WARNING * * *
You feel better. Arachne hits you but does no damage. Arachne envenoms you!!
You die...

##.#...#....^#......<#..^.^#. #
##.#.#.#..#........#..^.#.#.#.
####....#^.#..#.........##.......
.#.#.........#^..#...........#...
#.^..#...#...^..#....#.#...#...#.
.^#..#..^.#.#.#....#..#.##<^#....
...#..##...^..^#.#)....^.##...###
##..#......#.^#..H...#...^.#.#...
........^^.^..^#@#...^...........
#.#^....#.^#.#...†...(.[#..^..#.#
..##..###.#^###..##.#..^.#.#.....
#.#...#*#####*######.#..#.......#
...#..#*~~~*~**~~~##.#....#.^....
##.^.##~~~~~~~~~~*#......^#^#....
##^^.##*~~~~~~~~~*#^.##.#....#..#
##....#~~~,,,,,~~*#.....^.#..#^..
.#..#.#*~~,,>~~~~*#.#.##.#.#..#.#


You could see Arachne (extremely poisoned).

Vanquished Creatures
  A lich (IceCv)
  Agnes (Spider:3)
  Kirke (D:15)
  2 emperor scorpions
  A fire giant (D:12)
  A balrug (Gauntlet)
  A ghost moth (Spider:4)
  A very ugly thing (IceCv)
  Azrael (D:13)
  A minotaur (Gauntlet)
  Snorg (D:11)
  An ettin (D:12)
  Josephine (Lair:4)
  2 fire dragons (D:15)
  5 hydras
  A jorogumo (Spider:2)
  A caustic shrike simulacrum (IceCv)
  2 ogre magi (Orc:2)
  2 vault guards (D:13)
  A radroach (Spider:3)
  5 boulder beetles
  7 death yaks (Lair:5)
  2 centaur warriors (D:15)
  4 catoblepae
  13 two-headed ogres
  Urug (D:11)
  2 sun moths
  2 deep elf knights (D:13)
  3 skeletal warriors (D:15)
  3 pharaoh ants
  Lodul (D:11)
  A skyshark (Lair:4)
  2 deep trolls (Orc:2)
  2 spriggan simulacra (IceCv)
  3 orb spiders
  A deep elf archer (D:13)
  A wizard (D:13)
  3 bog bodies
  An obsidian statue (IceCv)
  3 deep elf pyromancers
  2 steelbarb worms
  Pikel (D:7)
  16 ugly things
  2 necromancers
  19 wolf spiders
  5 orc knights
  An orc sorcerer (D:13)
  10 cyclopes
  A salamander (shapeshifter) (D:14)
  Maurice (D:10)
  8 manticores
  11 elephants
  8 torpor snails
  An ice statue (Spider:3)
  2 moths of wrath (Spider:2)
  20 cane toads
  3 demonic crawlers
  2 gargoyles
  6 black mambas
  Joseph (D:7)
  11 komodo dragons
  A rime drake (Lair:5)
  A tengu conjurer (D:12)
  13 freezing wraiths (IceCv)
  2 ice devils (IceCv)
  3 golden dragon simulacra (IceCv)
  4 meliai
  13 trolls
  4 anaconda simulacra (IceCv)
  2 hornets (D:12)
  16 tarantellas
  A raiju (Gauntlet)
  14 blink frogs
  Grinder (D:3)
  Sigmund (D:6)
  13 slime creatures
  7 jumping spiders
  3 shadows (D:12)
  11 culicivoras
  A water elemental (D:12)
  A wyvern (shapeshifter) (D:14)
  A centaur simulacrum (D:15)
  4 dire elephant simulacra (IceCv)
  63 yaks
  A spriggan (shapeshifter) (D:12)
  A vampire (D:12)
  7 wyverns
  3 humans (D:15)
  A golden eye (shapeshifter) (D:13)
  A hog (D:15)
  6 wraiths
  A basilisk (D:12)
  A fire elemental (D:13)
  9 vampire mosquitoes
  26 redbacks
  3 steam dragons
  Grum (D:8)
  Menkaure (D:4)
  A two-headed ogre zombie (D:10)
  2 harpy simulacra (IceCv)
  An acid dragon (D:12)
  2 wargs
  17 water moccasins
  6 hell hounds
  12 orc warriors
  Duvessa (D:7)
  3 alligator simulacra (IceCv)
  3 black bears
  An ice beast (D:6)
  3 ettin simulacra (IceCv)
  26 wolves
  5 centaurs
  32 ogres
  4 phantoms
  A lemure (D:6)
  2 kobold brigands
  Blork the orc (D:5)
  A gnoll sergeant (D:6)
  9 bullfrogs
  4 scorpions
  2 deep troll simulacra (IceCv)
  9 wights
  Dowan (D:7)
  9 killer bees
  A troll zombie (D:10)
  6 lindwurm simulacra (IceCv)
  A howler monkey (D:9)
  3 electric eels (D:12)
  6 hounds
  2 gnoll boudas
  9 jellies
  20 orc priests
  A sleepcap (D:6)
  3 iguanas
  6 hell rats (Lair:5)
  24 orc wizards
  6 ogre zombies (D:10)
  A mummy (D:8)
  20 gnolls
  10 adders
  2 shadow imps
  3 ufetubi
  A worm (D:2)
  77 orcs
  7 ball pythons
  8 bats
  3 endoplasms
  3 giant cockroaches
  4 goblins
  8 hobgoblins
  4 jackals (D:1)
  6 quokkas
  4 frilled lizards
  4 goblin skeletons (D:10)
  2 goblin zombies (D:10)
  6 hobgoblin zombies (D:10)
  21 kobolds
  A kobold zombie (D:8)
  2 orc skeletons (D:10)
  12 orc zombies
  8 rats
  A bush (Lair:4)
925 creatures vanquished.

Vanquished Creatures (others)
  A great orb of eyes (D:12)
  A two-headed ogre (D:12)
  2 deep elf pyromancers (D:12)
  A cyclops (D:12)
  A manticore (D:12)
  A steam dragon (Gauntlet)
  A howler monkey (D:12)
  10 fungi
  49 plants
67 creatures vanquished.

Grand Total: 992 creatures vanquished

Notes
Turn   | Place    | Note
-------+----------+-------------------------------------------
     0 | D:1      | funkygono the Minotaur Fighter began the quest for the Orb.
     0 | D:1      | Reached XP level 1. HP: 19/19 MP: 0/0
    59 | D:1      | Reached XP level 2. HP: 27/27 MP: 1/1
   202 | D:1      | Reached skill level 3 in Axes
   203 | D:1      | Reached XP level 3. HP: 33/33 MP: 2/2
  1568 | D:3      | Reached XP level 4. HP: 22/40 MP: 3/3
  1570 | D:3      | Reached skill level 4 in Axes
  1728 | D:3      | Noticed Grinder
  1739 | D:3      | Paralysed by Grinder for 2 turns
  1745 | D:3      | Killed Grinder
  1746 | D:3      | Reached skill level 5 in Axes
  1746 | D:3      | Reached skill level 5 in Armour
  1746 | D:3      | Reached skill level 1 in Dodging
  1746 | D:3      | Reached XP level 5. HP: 18/47 MP: 4/4
  1746 | D:3      | Reached XP level 6. HP: 21/53 MP: 5/5
  2167 | D:4      | Found a runed translucent gate.
  2167 | D:4      | Found a runed translucent gate.
  2169 | D:4      | Noticed Takeo's ghost (amateur MiFi)
  2170 | D:4      | Found a runed translucent gate.
  2218 | D:4      | Reached skill level 6 in Axes
  2229 | D:4      | Reached skill level 5 in Fighting
  2391 | D:4      | Reached XP level 7. HP: 46/61 MP: 6/6
  2442 | D:4      | Reached skill level 7 in Axes
  2516 | D:4      | Noticed Menkaure
  2521 | D:4      | Killed Menkaure
  2910 | D:5      | Entered Level 5 of the Dungeon
  2960 | D:5      | Reached skill level 8 in Axes
  2963 | D:5      | Reached skill level 1 in Stealth
  2963 | D:5      | Reached XP level 8. HP: 37/70 MP: 7/7
  3065 | D:5      | Found Maciroas's Distillery.
  3073 | D:5      | Bought 2 potions of curing for 78 gold pieces
  3073 | D:5      | Bought a potion of heal wounds for 65 gold pieces
  3343 | D:5      | Reached skill level 9 in Axes
  3548 | D:5      | Noticed Blork the orc
  3560 | D:5      | Killed Blork the orc
  3561 | D:5      | Reached skill level 5 in Shields
  3756 | D:6      | Reached XP level 9. HP: 78/78 MP: 8/8
  3811 | D:6      | Reached skill level 10 in Axes
  4105 | D:6      | Noticed Sigmund
  4112 | D:6      | Killed Sigmund
  4388 | D:7      | Reached skill level 11 in Axes
  4394 | D:7      | Noticed Joseph
  4418 | D:7      | Killed Joseph
  4470 | D:7      | Reached skill level 1 in Unarmed Combat
  4630 | D:7      | Found a staircase to the Ecumenical Temple.
  4636 | D:7      | Noticed Pikel
  4637 | D:7      | Noticed Duvessa
  4639 | D:7      | Noticed Dowan
  4670 | D:7      | Killed Duvessa
  4671 | D:7      | Killed Pikel
  4672 | D:7      | Reached skill level 12 in Axes
  4672 | D:7      | Reached XP level 10. HP: 86/89 MP: 9/9
  4696 | D:7      | Killed Dowan
  5402 | D:8      | Noticed Grum
  5409 | D:8      | Killed Grum
  5755 | D:8      | Identified a scroll of acquirement
  6233 | D:8      | Acquired a +1 broad axe of venom
  6451 | Temple   | Entered the Ecumenical Temple
  6477 | Temple   | Became a worshipper of Warmaster Okawaru
  6531 | D:9      | Found a burning altar of Makhleb.
  6531 | D:9      | Found a snail-covered altar of Cheibriados.
  6546 | D:9      | Found a sparkling altar of Nemelex Xobeh.
  6596 | D:9      | Found Teicypeg's Armour Shoppe.
  6603 | D:9      | Bought a +0 cloak for 54 gold pieces
  7116 | D:9      | Reached skill level 13 in Axes
  7442 | D:10     | Entered Level 10 of the Dungeon
  7472 | D:10     | Reached * piety under Okawaru
  7473 | D:10     | Reached skill level 10 in Armour
  7499 | D:10     | Found a staircase to the Orcish Mines.
  7519 | D:10     | Reached XP level 11. HP: 89/97 MP: 7/10
  7601 | D:10     | Noticed Maurice
  7611 | D:10     | Killed Maurice
  7611 | D:10     | Reached ** piety under Okawaru
  7612 | D:10     | Reached skill level 14 in Axes
  7765 | D:10     | Found a staircase to the Lair.
  7767 | D:10     | Found Righevvu's General Store.
  8282 | Lair:1   | Entered Level 1 of the Lair of Beasts
  8454 | Lair:1   | Reached skill level 15 in Axes
  8454 | Lair:1   | Reached *** piety under Okawaru
  8493 | Lair:1   | Noticed a five-headed hydra
  8503 | Lair:1   | Killed an eight-headed hydra
  8506 | Lair:1   | Reached skill level 10 in Fighting
  8715 | Lair:1   | Reached skill level 1 in Invocations
  9180 | Lair:2   | Reached skill level 16 in Axes
  9271 | Lair:2   | Reached **** piety under Okawaru
  9272 | Lair:2   | Reached skill level 1 in Throwing
  9944 | Lair:2   | Acquired the +1 cloak of Restlessness {Dex+6 SInv}
  9976 | Lair:3   | Reached XP level 12. HP: 107/107 MP: 11/11
  9991 | Lair:3   | Found a hole to the Spider Nest.
 10125 | Lair:3   | Reached skill level 17 in Axes
 10218 | Lair:3   | Reached ***** piety under Okawaru
 10218 | Lair:3   | Received a gift from Okawaru
 10382 | Lair:3   | Found a staircase to the Swamp.
 10767 | Lair:4   | Noticed Josephine
 10776 | Lair:4   | Received a gift from Okawaru
 10778 | Lair:4   | Killed Josephine
 10989 | Lair:4   | Found a viscous altar of Jiyva.
 11017 | Lair:4   | Identified the +3 battleaxe of Arrival {flame, rPois Int-4
                  | Stlth+} (Okawaru gifted it to you on level 4 of the Lair of
                  | Beasts)
 11017 | Lair:4   | Received a gift from Okawaru
 11213 | Lair:4   | Found a staircase to the Slime Pits.
 11380 | Lair:4   | Reached XP level 13. HP: 117/117 MP: 10/13
 11643 | Lair:5   | Entered Level 5 of the Lair of Beasts
 11647 | Lair:5   | Reached skill level 18 in Axes
 11753 | Lair:5   | Received a gift from Okawaru
 11916 | Lair:5   | Identified the +0 robe "Sulab" {rElec rC- MP+9 SInv}
                  | (Okawaru gifted it to you on level 5 of the Lair of Beasts)
 11916 | Lair:5   | Received a gift from Okawaru
 12208 | Lair:5   | Reached skill level 5 in Dodging
 12316 | Lair:5   | Reached skill level 19 in Axes
 12319 | Lair:5   | Reached skill level 5 in Throwing
 12319 | Lair:5   | Reached XP level 14. HP: 36/129 MP: 15/15
 12985 | Orc:1    | Entered Level 1 of the Orcish Mines
 12985 | Orc:1    | Found a runed translucent door.
 12985 | Orc:1    | Found Civarisea's Antique Weapon Shop.
 13283 | Orc:1    | Found Nouk's Antique Weapon Boutique.
 13383 | Orc:2    | Entered Level 2 of the Orcish Mines
 13552 | Orc:2    | Found Loagics's General Store.
 13574 | Orc:2    | Reached skill level 10 in Shields
 13590 | Orc:2    | Received a gift from Okawaru
 13643 | Orc:2    | Received a gift from Okawaru
 13744 | Orc:2    | Found Maufir's Magic Scroll Boutique.
 13762 | Orc:2    | Found Eres Xumufa's Book Emporium.
 13780 | Orc:2    | Found Mump's General Store.
 13813 | Orc:2    | Found a staircase to the Elven Halls.
 14430 | D:11     | Received a gift from Okawaru
 14475 | D:11     | Noticed Snorg
 14495 | D:11     | Killed Snorg
 14673 | D:11     | Noticed Lodul
 14685 | D:11     | Killed Lodul
 14722 | D:11     | Noticed Urug
 14734 | D:11     | Killed Urug
 15286 | D:12     | Found a runed translucent door.
 15290 | D:12     | Found a runed translucent gate.
 15299 | D:12     | Found a runed translucent gate.
 15299 | D:12     | Found a runed translucent gate.
 15308 | D:12     | Found a runed translucent door.
 15317 | D:12     | Found the +9 staff of Olgreb {rPois∞}
 15340 | D:12     | Reached skill level 20 in Axes
 15676 | D:12     | Received a gift from Okawaru
 15677 | D:12     | Reached skill level 15 in Fighting
 15677 | D:12     | Reached XP level 15. HP: 136/141 MP: 16/16
 15746 | D:12     | Noticed a fire giant
 15767 | D:12     | Killed a fire giant
 15843 | D:12     | Received a gift from Okawaru
 16154 | D:12     | Identified the +2 dire flail of Modesty {heavy, Contam
                  | Str+3 Int+2}
 16545 | D:12     | Paralysed by a hornet for 3 turns
 16593 | D:12     | Acquired the +1 cloak of Starlight {*Dazzle EV+4 Stlth--}
 16593 | D:12     | Found the +1 cloak of Starlight {*Dazzle EV+4 Stlth--}
 16661 | D:13     | Found a gate leading to a gauntlet.
 16666 | Gauntlet | Entered a Gauntlet
 16666 | Gauntlet | Found a transporter.
 16666 | Gauntlet | Found a transporter.
 16668 | Gauntlet | Found a transporter.
 16668 | Gauntlet | Found a transporter.
 16672 | Gauntlet | Found a transporter.
 16672 | Gauntlet | Found a transporter.
 16709 | Gauntlet | Found a transporter.
 16710 | Gauntlet | Found a transporter.
 16721 | Gauntlet | Found a transporter.
 16737 | Gauntlet | Found a transporter.
 16751 | Gauntlet | Found a transporter.
 16755 | Gauntlet | Found a transporter.
 16917 | Gauntlet | Identified the +2 cloak of Theory {Rampage rElec}
 17038 | Gauntlet | Identified the +0 shortbow of the Undead {drain, Fragile
                  | rC+ Str+2 Dex+4}
 17787 | D:13     | Noticed Azrael
 17798 | D:13     | Killed Azrael
 17798 | D:13     | Received a gift from Okawaru
 18235 | D:13     | Found a gate to the Vaults.
 18486 | D:13     | Received a gift from Okawaru
 18761 | D:13     | Acquired the +0 pair of gloves of Untruth {Dex+4}
 19588 | D:15     | Entered Level 15 of the Dungeon
 19604 | D:15     | Found a shadowy altar of Dithmenos.
 19652 | D:15     | Noticed Kirke
 19659 | D:15     | Killed Kirke
 19842 | D:15     | Received a gift from Okawaru
 20072 | D:15     | Reached XP level 16. HP: 149/152 MP: 18/18
 20335 | D:15     | Found a staircase to the Depths.
 20686 | Spider:1 | Entered Level 1 of the Spider Nest
 21090 | Spider:1 | Reached skill level 21 in Axes
 22123 | Spider:2 | Reached skill level 15 in Armour
 22933 | Spider:3 | Noticed Agnes
 22945 | Spider:3 | Killed Agnes
 22945 | Spider:3 | Received a gift from Okawaru
 23012 | Spider:3 | Reached ****** piety under Okawaru
 23015 | Spider:3 | Found a frozen archway.
 23122 | IceCv    | Entered an ice cave
 23170 | IceCv    | Identified the +6 crystal plate armour of the Divine God
                  | {*Slow Str+5 Dex+3} (Okawaru gifted it to you in an ice
                  | cave)
 23170 | IceCv    | Received a gift from Okawaru
 23402 | IceCv    | Found an ancient bone altar of Kikubaaqudgha.
 23582 | IceCv    | Noticed a lich
 23586 | IceCv    | Killed a lich
 23714 | IceCv    | Got the Thoughts on Grim Graupel
 24369 | Spider:4 | Entered Level 4 of the Spider Nest
 25520 | Spider:4 | Noticed Arachne
 25556 | Spider:3 | Reached XP level 17. HP: 61/163 MP: 0/19
 25679 | Spider:3 | Slain by Arachne

Illustrated notes

Levels and vault maps discovered:
D:1:      dpeg_arrival_rhombi, layout_basic
D:2:      layout_basic
D:3:      layout_loops_cross, uniq_grinder
D:4:      layout_basic, gammafunk_ghost_nasty_kobolds,
          minmay_fractal_squares_diagonal_5, uniq_menkaure
D:5:      layout_loops_ring, serial_shops, nicolae_shop_tiny_statue_garden,
          hangedman_abyss_or_decor_stabs, kennysheep_cross_room,
          palyth_stone_intersect, uniq_blork_the_orc
D:6:      layout_loops_cross, kennysheep_small_square, uniq_sigmund
D:7:      layout_gridville, minmay_temple_entry_ruins, uniq_duvessa,
          uniq_joseph, uniq_pikel
D:8:      layout_loops_corners, nicolae_ossuary_entry_giza,
          minmay_misc_feat_ornament, uniq_grum
D:9:      layout_loops_corners, grunt_temple_overflow_open, serial_shops, shop
D:10:     layout_loops_ring, lair_entry_dummy, zombieorc2_lemuel, serial_shops,
          nicolae_shop_peninsula, uniq_maurice
D:11:     lemuel_ice_spiral_2, layout_irregular_city, uniq_snorg, uniq_urug,
          uniq_lodul
D:12:     nzn_winding_woodlands_large [nzn_winding_woodlands_5x5_checkerboard,
          nzn_winding_woodlands_5x15_cabin, nzn_winding_woodlands_hourglass,
          nzn_winding_woodlands_center_pierced_h,
          nzn_winding_woodlands_15x15_five_gardens,
          nzn_winding_woodlands_center_triple_pond,
          nzn_winding_woodlands_5x5_default, nzn_winding_woodlands_5x15_jagged,
          nzn_winding_woodlands_5x5_default], layout_basic,
          minmay_guarded_unrand_staff_of_olgreb
D:13:     layout_basic, grunt_vaults_entry_fortified, gauntlet_entry_generic,
          patterned_corridor, uniq_azrael
D:14:     layout_cave_pods, grunt_decor_junction, grunt_ogre_cave
D:15:     grunt_enter_depths_hoard, layout_loops_ring,
          grunt_dithmenos_smoke_and_mirrors, uniq_kirke
Temple:   hellmonk_temple_of_storms
Lair:1:   layout_regular_city
Lair:2:   layout_long_grid
Lair:3:   layout_chaotic_city, skrybe_swamp_entry_bodies,
          nicolae_spider_entry_lesser_pyramids, beast_lair_carwin_1,
          grunt_megastairs_1, lemuel_fruit_tree
Lair:4:   layout_regular_city, nicolae_slime_entry_field_trip, uniq_josephine
Lair:5:   evilmike_catoblepas_cave, layout_hall_layers,
          chequers_serial_rivers_micro_e
Spider:1: layout_chambers, hangedman_spider_mandibles
Spider:2: layout_chambers
Spider:3: layout_spider_delve, portal_ice_cave_entry_ice_statue_one,
          nicolae_spider_cling_halls, uniq_agnes
Spider:4: guppyfry_spider_rune, uniq_arachne
Orc:1:    layout_caves, serial_shops, nicolae_shop_behind_doors, shop,
          lightli_church_of_beogh
Orc:2:    st_orc_open, layout_caves

Skill      XL: |  1  2  3  4  5  6  7  8  9 10 11 12 13 14 15 16 |
---------------+-------------------------------------------------+-----
Armour         | 4 5 6 7 8 10 11 12 13 14 15 | 15.5
Shields        | 4 5 6 8 9 10 12 13 | 13.7
Axes           | 3 5 6 8 9 12 13 16 17 19 20 21 | 21.8
Fighting       | 4 5 6 8 9 10 11 13 15 16 18 | 18.0
Dodging        | 1 2 3 4 5 |  5.3
Stealth        | 1 2 3 |  3.6
Unarmed Combat | 1 |  1.9
Invocations    | 1 2 3 4 |  4.3
Throwing       | 2 4 5 7 8 |  8.9
Evocations     | |  0.4

Action                     |  1- 3 |  4- 6 |  7- 9 | 10-12 | 13-15 | 16-18 || total
---------------------------+-------+-------+-------+-------+-------+-------++-------
  Melee: War axe           |   121 |    84 |   312 |   111 |       |       ||   628
         Headbutt          |     9 |    13 |    44 |    96 |   247 |   125 ||   534
         Unarmed           |       |       |     8 |       |       |       ||     8
         Broad axe         |       |       |       |   390 |   852 |   411 ||  1653
  Throw: Boomerang         |       |       |       |    32 |   134 |    41 ||   207
 Invoke: Heroism           |       |       |       |    21 |    40 |     5 ||    66
  Evoke: Wand              |       |       |       |       |     2 |       ||     2
    Use: Potion            |       |       |     6 |       |     1 |     4 ||    11
         Scroll            |       |       |       |    23 |     6 |     1 ||    30
   Stab: Invisible         |       |       |       |       |     4 |    11 ||    15
 Armour: Scale mail        |    68 |    32 |    57 |       |       |       ||   157
         Chain mail        |       |       |    96 |       |       |       ||    96
         Plate armour      |       |       |    14 |   282 |   449 |   100 ||   845
         Crystal plate arm |       |       |       |       |       |   159 ||   159
  Dodge: Dodged            |    60 |    30 |   147 |   192 |   381 |   192 ||  1002
  Block: Buckler           |    35 |    12 |    61 |   119 |   210 |       ||   437
         Kite shield       |       |       |       |       |   133 |   264 ||   397

Table legend: (Time is in decaauts)
 A = Elapsed time spent in this place.
 B = Non-inter-level travel time spent in this place.
 C = Inter-level travel time spent in this place.
 D = Time resting spent in this place.
 E = Time spent auto-exploring this place.
 F = Levels seen in this place.
 G = Mean time per level.
                   A        B        C        D        E       F      G
               +--------+--------+--------+--------+--------+-----+--------+
         Total |  25433 |  24410 |   1023 |    813 |  17732 |  29 |  877.0 |
       Dungeon |  14138 |  13482 |    656 |    602 |   9133 |  15 |  942.5 |
        Temple |     44 |     37 |      7 |      0 |     18 |   1 |   44.0 |
          Lair |   4621 |   4397 |    224 |     72 |   3616 |   5 |  924.2 |
   Spider Nest |   4258 |   4152 |    106 |    118 |   3533 |   4 | 1064.5 |
  Orcish Mines |   1198 |   1170 |     28 |      9 |    758 |   2 |  599.0 |
      Ice Cave |    678 |    678 |      0 |     12 |    483 |   1 |  678.0 |
      Gauntlet |    492 |    492 |      0 |      0 |    190 |   1 |  492.0 |
               +--------+--------+--------+--------+--------+-----+--------+

Top non-repeatable levels by time:
    D:13: 1672 daAuts
    D:12: 1497 daAuts
     D:8: 1360 daAuts
Spider:4: 1156 daAuts
Spider:1: 1122 daAuts
  Lair:5: 1094 daAuts
Spider:2: 1088 daAuts
    D:10: 1033 daAuts
     D:2: 1004 daAuts
     D:9: 970 daAuts
  Lair:4: 966 daAuts
  Lair:1: 903 daAuts
Spider:3: 890 daAuts
  Lair:2: 833 daAuts
    D:11: 824 daAuts
